 Dungeon Crawl Stone Soup version 0.23.2-1-ga50397a (webtiles) character file.

Game seed: 1401548776466338929

7898 kae the Martial Artist (level 11, -17/84 HPs)
             Began as a Demonspawn Transmuter on Apr 14, 2019.
             Was a Believer of Wu Jian.
             Demolished by a two-headed ogre
             ... wielding a +0 dire flail
              (21 damage)
             ... on level 10 of the Dungeon.
             The game lasted 00:21:54 (19265 turns).

kae the Martial Artist (Demonspawn Transmuter)     Turns: 19265, Time: 00:21:55

Health: -17/84     AC:  2    Str:  7    XL:     11   Next: 2%
Magic:  12/17      EV: 13    Int: 17    God:    Wu Jian [**....]
Gold:   120        SH:  0    Dex: 22    Spells: 7/18 levels left

rFire    + . .     SeeInvis .     - Unarmed
rCold    . . .     Gourm    .   (shield currently unavailable)
rNeg     . . .     Faith    +   b - +0 robe
rPois    +         Spirit   .   (helmet restricted)
rElec    .         Reflect  .   C - scarf {repulsion}
rCorr    .         Harm     .   (gloves currently unavailable)
MR       .....                  (no boots)
Stlth    ++++......             H - amulet "Qamavoush" {Faith rPois Str-4 Dex+5}
HPRegen  0.24/turn              F - +3 ring of intelligence
MPRegen  0.15/turn              s - ring of protection from fire

@: blade hands, repel missiles
A: claws 2, hooves 2, horns 1, nightstalker 2
a: End Transformation, Wall Jump, Renounce Religion


You were on level 10 of the Dungeon.
You worshipped Wu Jian.
Wu Jian was pleased with you.
You were very hungry.
You had blades for hands.
You visited 2 branches of the dungeon, and saw 11 of its levels.

You collected 440 gold pieces.
You spent 320 gold pieces at shops.

Inventory:

Hand Weapons
 c - a +1 dagger of piercing
Missiles
 a - 172 arrows
 p - 4 throwing nets (quivered)
Armour
 b - a +0 robe (worn)
 g - a +1 cloak
 u - a scarf of spirit shield
 C - a scarf of repulsion (worn)
Jewellery
 m - an uncursed ring of stealth
 q - an uncursed amulet of the gourmand
 s - a ring of protection from fire (right scythe-like blade)
 F - a +3 ring of intelligence (left scythe-like blade)
 H - the amulet "Qamavoush" (around neck) {Faith rPois Str-4 Dex+5}
   (You found it on level 9 of the Dungeon)

   [amulet of faith]

   It allows you to gain divine favour quickly.
   It affects your strength (-4).
   It affects your dexterity (+5).
   It protects you from poison.
Wands
 h - a wand of random effects (20)
 n - a wand of iceblast (7)
 o - a wand of flame (35)
 t - a wand of polymorph (10)
 z - a wand of digging (9)
 B - a wand of paralysis (6)
Scrolls
 f - 8 scrolls of remove curse
 k - 3 scrolls of amnesia
 y - 2 scrolls of enchant armour
 D - 2 scrolls of teleportation
 G - a scroll of magic mapping
Potions
 e - a potion of brilliance
 i - a potion of berserk rage
 j - 2 potions of invisibility
 l - a potion of might
 r - a potion of haste
 v - a potion of resistance {unknown}
 w - 3 potions of curing
 x - 5 potions of heal wounds
 A - 2 potions of flight
 E - a potion of mutation
 K - 2 potions of agility
 L - a potion of degeneration {unknown}
Comestibles
 d - 23 rations


   Skills:
 + Level 7.5 Fighting
 - Level 1.7 Dodging
 * Level 10.1 Unarmed Combat
 + Level 4.2 Spellcasting
 + Level 9.6 Transmutations


You had 7 spell levels left.
You knew the following spells:

 Your Spells              Type           Power        Failure   Level  Hunger
a - Beastly Appendage     Tmut           #####.       10%         1    None
b - Sticks to Snakes      Tmut           #####...     11%         2    ##.....
c - Spider Form           Tmut/Pois      ###.......   36%         3    ###....
d - Blade Hands           Tmut           #####.....   43%         5    ######.

Your spell library contained the following spells:

 Spells                   Type           Power        Failure   Level  Hunger
 Corona                   Hex            #......      56%         1    None
 Ice Form                 Ice/Tmut       ###.....     65%         4    ####...
 Ensorcelled Hibernation  Hex/Ice        #.....       67%         2    ##.....
 Confuse                  Hex            #.......     83%         3    ###....
 Dazzling Spray           Conj/Hex       #.....       83%         3    ###....
 Tukima's Dance           Hex            #.......     83%         3    ###....


Dungeon Overview and Level Annotations

Branches:
Dungeon (10/15)            Temple (1/1) D:6
   Lair: D:8-11         Orc: D:9-12

Altars:
Ashenzari
Cheibriados
Dithmenos
Elyvilon
Fedhas
Gozag
Hepliaklqana
Kikubaaqudgha
Makhleb
Nemelex Xobeh
Okawaru
Qazlal
Ru
Sif Muna
Trog
Uskayaw
Vehumet
Wu Jian
Xom
Yredelemnul
Zin
The Shining One

Shops:
D:10 *!((

Annotations:
D:6 cklessthan3's ghost, novice TrBe
D:7 2 transporters


Innate Abilities, Weirdness & Mutations

You have very sharp fingernails.
You have hoof-like feet.
You have a pair of small horns on your head.
You are significantly more attuned to the shadows.


Message History

You slash the two-headed ogre!
The two-headed ogre is moderately wounded.
The two-headed ogre hits you with a +0 dire flail! x2
You barely miss the two-headed ogre. Your kick misses the two-headed ogre.
You headbutt the two-headed ogre.
The two-headed ogre is moderately wounded.
The two-headed ogre hits you with a +0 dire flail! x2
You completely miss the two-headed ogre.
The two-headed ogre is moderately wounded.
You slash the two-headed ogre! You kick the two-headed ogre.
You headbutt the two-headed ogre.
The two-headed ogre is severely wounded.
The two-headed ogre hits you with a +0 dire flail!!
* * * LOW HITPOINT WARNING * * *
The two-headed ogre hits you with a +0 dire flail!
* * * LOW HITPOINT WARNING * * *
You hit the two-headed ogre.
The two-headed ogre is severely wounded.
The two-headed ogre hits you with a +0 dire flail!!
You die...

##......# #...P...#.
#...P...####P.P....##
#....P.P..PPP........
###....P..P............
#........P..PP.........
###.....P..P......######
##.............P...[####.
#...............#.....##.
#...∩...@O...####.....##.
##..........## #........
##....#....# #........
##........######.##....
#.##.###.........#....
#######.......#.......
#...###..........
#...........##...
#.................#


You could see a two-headed ogre.

Vanquished Creatures
  Harold (D:7)
  A two-headed ogre (D:7)
  Pikel (D:7)
  3 hornets (D:8)
  A hippogriff (D:8)
  6 yaks (D:10)
  A soldier ant (D:8)
  A water moccasin (D:10)
  A porcupine (D:10)
  An orc warrior (D:9)
  3 ice beasts
  6 ogres
  4 black bears
  2 centaurs
  A crocodile (D:10)
  A big kobold (D:8)
  4 bullfrogs
  A wyvern zombie (D:8)
  2 scorpions
  8 wights
  4 killer bees (D:7)
  4 howler monkeys
  2 crimson imps
  3 jellies
  5 hounds
  A bullfrog skeleton (D:10)
  4 orc priests
  Crazy Yiuf (D:2)
  A centaur skeleton (D:10)
  A gnoll shaman (D:3)
  9 orc wizards
  Ijyb (D:5)
  2 iguanas
  6 worker ants
  A howler monkey zombie (D:6)
  24 gnolls
  9 adders
  4 shadow imps
  3 oozes
  4 adder skeletons
  3 worms
  4 dart slugs
  7 leopard geckos
  42 orcs
  A ball python (D:2)
  13 bats
  13 giant cockroaches
  17 goblins
  3 hobgoblins
  4 jackals
  9 quokkas
  6 frilled lizards
  A jackal zombie (D:6)
  10 kobolds
  10 rats
281 creatures vanquished.

Vanquished Creatures (collateral kills)
  An adder (D:3)
  A worm (D:3)
  2 orcs (D:3)
  A giant cockroach (D:3)
  3 jackals (D:3)
  A kobold (D:3)
9 creatures vanquished.

Vanquished Creatures (others)
  A slave (D:7)
  7 fungi
8 creatures vanquished.

Grand Total: 298 creatures vanquished

Notes
Turn   | Place    | Note
-------+----------+-------------------------------------------
     0 | D:1      | kae the Demonspawn Transmuter began the quest for the Orb.
     0 | D:1      | Reached XP level 1. HP: 15/15 MP: 3/3
   436 | D:1      | Gained mutation: You are slightly more attuned to the
                  | shadows. [demonic ancestry]
   436 | D:1      | Reached XP level 2. HP: 17/21 MP: 3/5
  1331 | D:1      | Reached XP level 3. HP: 25/26 MP: 4/6
  1875 | D:1      | Learned a level 2 spell: Sticks to Snakes
  1879 | D:1      | Learned a level 3 spell: Spider Form
  2559 | D:2      | Gained mutation: You have a pair of small horns on your
                  | head. [demonic ancestry]
  2559 | D:2      | Reached XP level 4. HP: 22/32 MP: 0/7
  3083 | D:2      | Found a blossoming altar of Fedhas.
  3451 | D:2      | Found a runed translucent door.
  3452 | D:2      | Noticed Crazy Yiuf
  3966 | D:2      | Killed Crazy Yiuf
  4291 | D:3      | Gained mutation: You have large cloven feet. [demonic
                  | ancestry]
  4291 | D:3      | Reached XP level 5. HP: 18/37 MP: 8/8
  4775 | D:3      | Reached skill level 5 in Transmutations
  5612 | D:4      | Gained mutation: You are significantly more attuned to the
                  | shadows. [demonic ancestry]
  5612 | D:4      | Reached XP level 6. HP: 27/43 MP: 5/9
  7456 | D:4      | Reached skill level 3 in Unarmed Combat
  7456 | D:4      | Gained mutation: You have sharp fingernails. [demonic
                  | ancestry]
  7456 | D:4      | Reached XP level 7. HP: 32/48 MP: 0/10
  8221 | D:4      | Found an opulent altar of Gozag.
  8462 | D:5      | Entered Level 5 of the Dungeon
  8474 | D:5      | Reached skill level 4 in Unarmed Combat
  8665 | D:5      | Noticed Ijyb
  8687 | D:5      | Killed Ijyb
  8703 | D:5      | Noticed a komodo dragon
  9501 | D:6      | Found a runed translucent door.
  9539 | D:6      | Noticed cklessthan3's ghost (novice TrBe)
  9865 | D:6      | Reached XP level 8. HP: 58/58 MP: 8/11
 10110 | D:6      | Reached skill level 5 in Unarmed Combat
 11073 | D:6      | Found a staircase to the Ecumenical Temple.
 11129 | Temple   | Entered the Ecumenical Temple
 11426 | Temple   | Became a worshipper of the Wu Jian Council
 11481 | D:6      | Found an ornate altar of the Wu Jian Council.
 11695 | D:6      | Reached skill level 6 in Unarmed Combat
 12616 | D:7      | Noticed Pikel
 12647 | D:7      | Killed Pikel
 12647 | D:7      | Reached skill level 5 in Fighting
 12647 | D:7      | Reached skill level 7 in Unarmed Combat
 12647 | D:7      | Gained mutation: You have very sharp fingernails. [demonic
                  | ancestry]
 12647 | D:7      | Reached XP level 9. HP: 18/68 MP: 12/12
 13078 | D:7      | Noticed a kobold demonologist
 13081 | D:7      | Found a transporter.
 13186 | D:7      | Noticed Harold
 13211 | D:7      | Found a transporter.
 13434 | D:7      | Noticed a kobold demonologist
 13789 | D:8      | Noticed a two-headed ogre
 14259 | D:7      | Killed a two-headed ogre
 14259 | D:7      | Reached skill level 8 in Unarmed Combat
 14259 | D:7      | Reached * piety under Wu Jian
 14329 | D:7      | HP: 2/69 [shadow imp (6)]
 15081 | D:7      | Learned a level 5 spell: Blade Hands
 15241 | D:8      | Reached XP level 10. HP: 33/76 MP: 4/13
 15916 | D:7      | Killed Harold
 15916 | D:7      | Reached skill level 9 in Unarmed Combat
 17129 | D:9      | Reached ** piety under Wu Jian
 17483 | D:9      | Got a sparkling diamond amulet
 17588 | D:9      | Identified the amulet "Qamavoush" {Faith rPois Str-4 Dex+5}
                  | (You found it on level 9 of the Dungeon)
 17606 | D:10     | Entered Level 10 of the Dungeon
 17637 | D:10     | Found Gibym's Weapon Shop.
 17884 | D:10     | Found Kippiuk's Weapon Boutique.
 17999 | D:10     | Reached skill level 10 in Unarmed Combat
 18431 | D:10     | Gained mutation: You have hoof-like feet. [demonic
                  | ancestry]
 18431 | D:10     | Reached XP level 11. HP: 15/84 MP: 13/17
 18758 | D:10     | Noticed a two-headed ogre
 18758 | D:10     | Noticed a wizard
 19165 | D:10     | Found Estroax Duna's Distillery.
 19171 | D:10     | Bought a potion of heal wounds for 65 gold pieces
 19171 | D:10     | Bought a potion of mutation for 104 gold pieces
 19171 | D:10     | Bought a potion of heal wounds for 65 gold pieces
 19171 | D:10     | Bought a potion of heal wounds for 65 gold pieces
 19221 | D:10     | Found Lugyic's Assorted Antiques.
 19227 | D:10     | Bought a scroll labeled TUS UWUFEHUE for 21 gold pieces
 19264 | D:10     | HP: 4/84 [two-headed ogre/+0 dire flail (11)]
 19265 | D:10     | Demolished by a two-headed ogre

Skill      XL: |  1  2  3  4  5  6  7  8  9 10 |
---------------+-------------------------------+-----
Transmutations | 2 3 4 5 6 7 8 9 |  9.6
Unarmed Combat | 3 4 7 8 10 | 10.1
Fighting       | 3 5 6 7 |  7.5
Spellcasting   | 4 |  4.2
Dodging        | |  1.7

Action                   |  1- 3 |  4- 6 |  7- 9 | 10-12 || total
-------------------------+-------+-------+-------+-------++-------
Melee: Dagger            |   188 |   170 |    67 |    17 ||   442
       Unarmed           |    16 |   129 |   255 |   186 ||   586
       Headbutt          |     8 |    37 |    14 |    28 ||    87
       Kick              |     7 |    27 |    23 |    43 ||   100
       Punch             |       |     2 |     2 |    11 ||    15
 Cast: Beastly Appendage |    17 |     6 |       |       ||    23
       Spider Form       |     2 |    22 |    42 |     6 ||    72
       Sticks to Snakes  |       |     7 |       |       ||     7
       Blade Hands       |       |       |     2 |    17 ||    19
Invok: Lunge             |       |       |     9 |    12 ||    21
       Whirlwind         |       |       |     1 |     1 ||     2
Evoke: Wand              |       |     2 |     6 |       ||     8
  Use: Scroll            |     2 |     8 |    10 |     5 ||    25
       Potion            |       |     2 |     1 |       ||     3
 Stab: Sleeping          |     5 |     5 |    13 |     1 ||    24
       Distracted        |       |     2 |     1 |       ||     3
  Eat: Chunk             |     6 |    25 |    29 |    16 ||    76
       Ration            |       |     1 |       |       ||     1
Armor: Robe              |    39 |    48 |     8 |     6 ||   101
       Skin              |     1 |     8 |    16 |     1 ||    26
Dodge: Dodged            |   116 |   274 |   298 |   110 ||   798
       Deflected         |       |       |     3 |     1 ||     4
